 Dungeon Crawl Stone Soup version 0.31-a0-145-g046c7d2549 (webtiles) character file.

Game seed: 3706786589423019018

9146 ketsa the Thaumaturge (level 11, -27/86 HPs)
             Began as a Djinni Conjurer on June 4, 2023.
             Was a Follower of Ashenzari.
             Killed by an exploding fulminant prism (30 damage)
             ... on level 10 of the Dungeon.
             The game lasted 00:42:09 (11252 turns).

ketsa the Thaumaturge (Djinni Conjurer)            Turns: 11252, Time: 00:42:10

Health: -27/86     AC: 11    Str:  6    XL:     11   Next: 69%
Gold:   649        EV: 12    Int: 29    God:    Ashenzari [*.....] SH:  0 Dex: 13

rFire   + + +        g - +2 mace "Unoa" {freeze, rF+ Int+6 Stlth+}
rCold   x . .        (no shield)
rNeg    . . .        J - +4 steam dragon scales "Restrained With Me" {Self, Fort} (curse)
rPois   ∞            i - +0 helmet
rElec   .            D - scarf "Astrological Mutualism" {repulsion, Comp, Elem} (curse)
rCorr   .            L - +0 pair of gloves
SInv    .            (boots unavailable)
Will    ++...        (no amulet)
Stlth   +++          B - ring of willpower
HPRegen 0.34/turn    (no ring)
MPRegen 0.00/turn

%: repel missiles, infuse magic (-28 HP)
@: liquefying, flying, slowed movement, very slow
A: sickness immunity, fire resistance 2, cold vulnerability 1, float, innate
caster, HP casting, extra vitality 1
a: Renounce Religion, Shatter the Chains


You were on level 10 of the Dungeon.
You worshipped Ashenzari.
Ashenzari was aware of your devotion.
You visited 2 branches of the dungeon, and saw 12 of its levels.

You collected 649 gold pieces.

Inventory:

Hand Weapons
 g - the +2 mace "Unoa" (weapon) {freeze, rF+ Int+6 Stlth+}
   (You found it on level 7 of the Dungeon)

   Int:       It affects your intelligence (+6).
   rF:        It protects you from fire.
   Stlth:     It makes you more stealthy.
 q - a +3 dagger
 H - a +5 short sword
Missiles
 s - 11 boomerangs
 y - 2 throwing nets
Armour
 a - a +0 robe
 i - a +0 helmet (worn)
 D - the cursed scarf "Astrological Mutualism" (worn) {repulsion, Comp, Elem}
   (You found it on level 6 of the Dungeon)

   It has a curse which improves the following skills: Companions: Summonings
   and Necromancy.
   Elements:  Fire Magic, Ice Magic, Air Magic and Earth Magic.
 G - a +3 leather armour of willpower
 J - the cursed +4 steam dragon scales "Restrained With Me" (worn) {Self, Fort}
   (You took it off Maggie on level 9 of the Dungeon)

   It has a curse which improves the following skills: Introspection: Fighting
   and Spellcasting.
   Fortitude: Armour and Shields.
 K - a +0 kite shield
 L - a +0 pair of gloves (worn)
 M - +0 acid dragon scales
 O - a +2 troll leather armour {Snorg}
Magical Staves
 o - a staff of cold
 x - a staff of air
Jewellery
 B - a ring of willpower (left hand)
Wands
 z - a wand of flame (11)
Scrolls
 b - a scroll of blinking
 c - a scroll of noise
 f - a scroll of acquirement
 h - a scroll of fear
 k - 2 scrolls of silence
 l - 2 scrolls of poison
 p - 3 scrolls of fog
 t - a scroll of summoning
 w - 2 scrolls of teleportation
 A - 3 scrolls of enchant weapon
 C - 2 scrolls of immolation
 I - a scroll of magic mapping
 N - a scroll of vulnerability
Potions
 d - a potion of resistance
 e - 2 potions of might
 j - 2 potions of lignification
 m - 4 potions of curing
 n - 4 potions of mutation
 r - a potion of magic
 u - 4 potions of enlightenment
 v - a potion of heal wounds
 F - a potion of attraction


   Skills:
 + Level 9.6(10.4) Fighting
 + Level 2.6 Dodging
 - Level 1.5 Stealth
 + Level 1.1(1.6) Shields
 + Level 11.4(12.2) Spellcasting
 + Level 11.4 Conjurations
 + Level 11.4 Hexes
   Level 0.0 Charms
 + Level 11.4(12.2) Summonings
 + Level 11.4(12.2) Necromancy
 + Level 11.4 Translocations
 + Level 11.4 Transmutations
 + Level 11.4(12.2) Fire Magic
 + Level 11.4(12.2) Ice Magic
 + Level 11.4(12.2) Air Magic
 + Level 11.4(12.2) Earth Magic
 + Level 11.4 Poison Magic


You knew the following spells:

 Your Spells              Type           Power      Damage    Failure   Level
a - Magic Dart            Conj           100%       1d8       1%          1
b - Searing Ray           Conj           100%       2d8       1%          2
c - Dazzling Flash        Conj/Hex       100%       N/A       1%          3
d - Fulminant Prism       Conj/Hex       35%        3d17      1%          4
e - Iskenderun's Mystic   Conj/Tloc      71%        2d14      1%          4
f - Sting                 Tmut/Pois      100%       1d8       1%          1
g - Blink                 Tloc           100%       N/A       1%          2
h - Spider Form           Tmut/Pois      71%        N/A       1%          3
i - Animate Dead          Necr           73%        N/A       1%          4
j - Leda's Liquefaction   Hex/Erth       36%        N/A       1%          4
Your spell library was empty.

Dungeon Overview and Level Annotations

Branches:
Dungeon (11/15)            Temple (1/1) D:7            Lair (0/5) D:11
    Orc: D:9-12

Altars:
Ashenzari
Cheibriados
Dithmenos
Elyvilon
Fedhas
Gozag
Hepliaklqana
Makhleb
Nemelex Xobeh
Okawaru
Qazlal
Ru
Trog
Uskayaw
Wu Jian
Xom
Yredelemnul
Zin
The Shining One

Shops:
D:4 *(:

Portals:
Abyss: D:4

Annotations:
D:4 2 transporters, Vorhees's ghost, novice GrFi
D:6 1 runed translucent door, Crazy Yiuf
D:11 Harold


Innate Abilities, Weirdness & Mutations

You are immune to sickness and miasma.
You are immune to poison.
Your flesh is very heat resistant. (rF++)
You are vulnerable to cold. (rC-)
You float through the air rather than walking.
You learn spells naturally, not from books.
Your magical power is your life essence.
You have superior vitality. (+4 MHP)


Message History

Press: ? - help, Dir - move target, p - skeletal warrior You conjure a prism of explosive energy!
A fulminant prism comes into view.
Casting: Fulminant Prism (safe; 1% risk of failure)
Confirm with . or Enter, or press ? or * to list all spells.
Aiming: Searing Ray (safe; 1% risk of failure)
Press: ? - help, Shift-Dir - straight line, f - skeletal warrior
Aim: a skeletal warrior, wielding a +1 war axe of electrocution (severely damaged, covering ground slowly, ally target, 83% to hit)
The searing ray hits the skeletal warrior but does no damage.
The skeletal warrior is severely damaged. (Press . to maintain the ray.)
The skeletal warrior hits you with a +1 war axe of electrocution!!
* * * LOW HITPOINT WARNING * * *
Your fulminant prism crackles loudly.
The searing ray hits the skeletal warrior but does no damage.
The skeletal warrior is severely damaged.
* * * LOW HITPOINT WARNING * * *
The skeletal warrior becomes momentarily stuck in the liquid earth.
Your fulminant prism explodes!
The blast of energy engulfs the skeletal warrior!!
The skeletal warrior is almost destroyed.
Casting: Searing Ray (safe; 1% risk of failure)
Confirm with . or Enter, or press ? or * to list all spells.
Aiming: Fulminant Prism (safe; 1% risk of failure)
Press: ? - help, Dir - move target, p - skeletal warrior You conjure a prism of explosive energy!
* * * LOW HITPOINT WARNING * * *
A fulminant prism comes into view.
The skeletal warrior hits you with a +1 war axe of electrocution!
* * * LOW HITPOINT WARNING * * *
Casting: Fulminant Prism (safe; 1% risk of failure)
Confirm with . or Enter, or press ? or * to list all spells.
You blink.
* * * LOW HITPOINT WARNING * * *
Your fulminant prism crackles loudly.
Your fulminant prism explodes!
The blast of energy engulfs the skeletal warrior!!!
You destroy the skeletal warrior!
The blast of energy engulfs you!!
You die...

.........>.#
##'###########
.........### #.#
.........# #.## ##########
#..###### .# ##......# .##
########.### ..#
#####..[.......#
#.#########.........###..#
..........[.###.@....§####
#.########### #....).P.P#
#.# #....#....# #.###
#....#..P.# #...#
#....#...P# ###.###
####.#...## #...# #.###.#
###.# ###.### #.# #.#


There were no monsters in sight!

Vanquished Creatures
  Snorg (D:10)
  Erica (D:10)
  2 two-headed ogres (D:9)
  2 skeletal warriors
  Pikel (D:6)
  Joseph (D:7)
  Maggie (D:9)
  A komodo dragon (D:10)
  Prince Ribbit (D:7)
  2 wyverns
  4 yaks (D:10)
  A basilisk (D:10)
  A steam dragon (D:7)
  2 acid dragons
  Duvessa (D:7)
  An ice beast (D:6)
  2 phantoms
  3 centaurs
  3 lemures (D:7)
  4 kobold brigands
  4 bullfrogs
  3 gnoll sergeants
  3 scorpions (D:6)
  10 wights
  Dowan (D:7)
  An electric eel (D:7)
  4 howler monkeys
  A jelly (D:6)
  A hound (D:7)
  A gnoll bouda (D:6)
  4 orc priests
  4 iguanas
  2 sleepcaps
  7 orc wizards
  Natasha (thrice) (D:4)
  Robin (D:4)
  24 gnolls
  12 adders
  4 white imps
  2 worms
  2 dart slugs (D:1)
  20 orcs
  8 endoplasms
  A giant cockroach (D:4)
  10 goblins
  7 hobgoblins
  16 jackals
  18 kobolds
  4 quokkas
  5 ball pythons
  4 bats
  12 frilled lizards
  A goblin zombie (D:6)
  2 hobgoblin zombies (D:6)
  A kobold skeleton (D:6)
  7 rats
  A spectral hobgoblin (D:9)
246 creatures vanquished.

Vanquished Creatures (others)
  A wight (D:7)
  90 fulminant prisms
91 creatures vanquished.

Grand Total: 337 creatures vanquished

Notes
Turn   | Place    | Note
-------+----------+-------------------------------------------
     0 | D:1      | ketsa the Djinni Conjurer began the quest for the Orb.
     0 | D:1      | ketsa set off with the following spells memorised: Magic
                  | Dart, Searing Ray, Dazzling Flash, Fulminant Prism,
                  | Iskenderun's Mystic Blast.
     0 | D:1      | Reached XP level 1. HP: 15/15 MP: 0/0
   248 | D:1      | Reached XP level 2. HP: 17/21 MP: 0/0
   565 | D:1      | Reached XP level 3. HP: 20/25 MP: 0/0
   565 | D:1      | Learned a level 1 spell: Sting
   832 | D:2      | Got Wawekuroat's Treatise on Creation
   980 | D:2      | Reached XP level 4. HP: 22/31 MP: 0/0
  1338 | D:2      | Found a faded altar of an unknown god.
  1916 | D:3      | Found a shadowy altar of Dithmenos.
  2045 | D:3      | Reached XP level 5. HP: 24/35 MP: 0/0
  2045 | D:3      | Learned a level 2 spell: Blink
  2352 | D:4      | Found a transporter.
  2369 | D:4      | Found a transporter.
  2383 | D:4      | Found a one-way gate to the infinite horrors of the Abyss.
  2383 | D:4      | Noticed Vorhees's ghost (novice GrFi)
  2383 | D:4      | Noticed a small abomination
  2431 | D:4      | Found Unuasuusch's Book Shop.
  2432 | D:4      | Found Neikuag's Weapon Boutique.
  2435 | D:4      | Found Vael's General Store.
  2556 | D:4      | Found an opulent altar of Gozag.
  2556 | D:4      | Noticed a phantom
  2565 | D:4      | Killed a phantom
  2566 | D:4      | Reached skill level 5 in Spellcasting
  2566 | D:4      | Reached skill level 5 in Conjurations
  2566 | D:4      | Reached skill level 5 in Hexes
  2566 | D:4      | Reached skill level 5 in Summonings
  2566 | D:4      | Reached skill level 5 in Necromancy
  2566 | D:4      | Reached skill level 5 in Translocations
  2566 | D:4      | Reached skill level 5 in Transmutations
  2566 | D:4      | Reached skill level 5 in Fire Magic
  2566 | D:4      | Reached skill level 5 in Ice Magic
  2566 | D:4      | Reached skill level 5 in Air Magic
  2566 | D:4      | Reached skill level 5 in Earth Magic
  2566 | D:4      | Reached skill level 5 in Poison Magic
  2566 | D:4      | Reached XP level 6. HP: 16/40 MP: 0/0
  2746 | D:4      | Noticed Robin
  2755 | D:4      | Killed Robin
  2895 | D:4      | Noticed Natasha
  2901 | D:4      | Killed Natasha
  2902 | D:4      | Reached skill level 1 in Fighting
  2951 | D:4      | Noticed Natasha
  3037 | D:4      | Killed Natasha
  3353 | D:4      | Reached XP level 7. HP: 45/48 MP: 0/0
  3353 | D:4      | Learned a level 3 spell: Spider Form
  3530 | D:4      | Noticed Natasha
  3533 | D:4      | Killed Natasha
  3793 | D:5      | Entered Level 5 of the Dungeon
  4809 | D:6      | Found a glowing golden altar of the Shining One.
  4864 | D:6      | Found a runed translucent door.
  4865 | D:6      | Noticed Crazy Yiuf
  4944 | D:6      | Reached XP level 8. HP: 51/56 MP: 0/0
  5359 | D:6      | Found a sparkling altar of Nemelex Xobeh.
  5806 | D:7      | Noticed Duvessa
  5806 | D:7      | Noticed Dowan
  5904 | D:7      | Noticed Pikel
  6072 | D:7      | Found a staircase to the Ecumenical Temple.
  6074 | D:7      | Identified the +2 mace "Unoa" {freeze, rF+ Int+6 Stlth+}
  6086 | Temple   | Entered the Ecumenical Temple
  6179 | Temple   | Became a worshipper of Ashenzari the Shackled
  6355 | D:6      | Killed Pikel
  6356 | D:6      | Reached skill level 5 in Fighting
  6356 | D:6      | Reached XP level 9. HP: 27/65 MP: 0/0
  6356 | D:6      | Learned a level 4 spell: Animate Dead
  6499 | D:7      | Found a white marble altar of Elyvilon.
  6801 | D:7      | Noticed Prince Ribbit
  6810 | D:7      | Killed Prince Ribbit
  7319 | D:7      | Found a bloodstained altar of Trog.
  7343 | D:7      | Found a snail-covered altar of Cheibriados.
  7350 | D:7      | Noticed Joseph
  7365 | D:7      | Killed Joseph
  7446 | D:7      | Found a blossoming altar of Fedhas.
  7495 | D:7      | Killed Dowan
  7539 | D:7      | Killed Duvessa
  7540 | D:7      | Reached XP level 10. HP: 64/73 MP: 0/0
  7900 | D:7      | Found a sacrificial altar of Ru.
  8625 | D:8      | Found a stormy altar of Qazlal.
  9058 | D:9      | Found an ornate altar of the Wu Jian Council.
  9064 | D:9      | Noticed a two-headed ogre
  9076 | D:9      | Killed a two-headed ogre
  9077 | D:9      | Reached skill level 10 in Spellcasting
  9077 | D:9      | Reached skill level 10 in Conjurations
  9077 | D:9      | Reached skill level 10 in Hexes
  9077 | D:9      | Reached skill level 10 in Summonings
  9077 | D:9      | Reached skill level 10 in Necromancy
  9077 | D:9      | Reached skill level 10 in Translocations
  9077 | D:9      | Reached skill level 10 in Transmutations
  9077 | D:9      | Reached skill level 10 in Fire Magic
  9077 | D:9      | Reached skill level 10 in Ice Magic
  9077 | D:9      | Reached skill level 10 in Air Magic
  9077 | D:9      | Reached skill level 10 in Earth Magic
  9077 | D:9      | Reached skill level 10 in Poison Magic
  9121 | D:9      | Noticed Maggie
  9130 | D:9      | Killed Maggie
  9408 | D:9      | Found a hazy altar of Hepliaklqana.
  9483 | D:9      | Noticed a two-headed ogre
  9495 | D:9      | Killed a two-headed ogre
  9496 | D:9      | Reached XP level 11. HP: 71/82 MP: 0/0
  9496 | D:9      | Learned a level 4 spell: Leda's Liquefaction
  9864 | D:10     | Entered Level 10 of the Dungeon
 10106 | D:10     | Noticed Erica
 10125 | D:10     | Killed Erica
 10396 | D:10     | Noticed Snorg
 10408 | D:10     | Killed Snorg
 10623 | D:10     | Reached * piety under Ashenzari
 10623 | D:10     | Identified a scroll of acquirement
 10715 | D:11     | Noticed Harold
 10760 | D:11     | Noticed a brown ugly thing
 10770 | D:11     | Noticed a skeletal warrior
 10772 | D:11     | Noticed a skeletal warrior
 10774 | D:11     | Noticed a skeletal warrior
 10776 | D:11     | Killed a skeletal warrior
 10776 | D:11     | Noticed a skeletal warrior
 10899 | D:11     | Found a staircase to the Lair.
 10900 | D:11     | Noticed an elephant
 10916 | D:11     | Reached skill level 1 in Shields
 10952 | D:11     | Noticed a skeletal warrior
 10959 | D:10     | HP: 2/86 [skeletal warrior/+1 war axe of electrocution
                  | (12)]
 11250 | D:10     | HP: 4/86 [skeletal warrior/+1 war axe of electrocution
                  | (13)]
 11252 | D:10     | Killed a skeletal warrior
 11252 | D:10     | Killed by an exploding fulminant prism

Illustrated notes

Levels and vault maps discovered:
D:1:      tarquinn_simple_flora_water_a, layout_basic
D:2:      layout_basic, hellmonk_ecumenical_altar_inner_sanctum,
          grunt_ministairs_6
D:3:      layout_basic, grunt_dithmenos_smoke
D:4:      layout_loops_ring, mainiacjoe_overflow_24_doors,
          gammafunk_ghost_abyssal_escape, nicolae_wooded_promenade,
          lexackson_kobold_supper, uniq_natasha, uniq_robin
D:5:      layout_basic
D:6:      layout_gridville, nemelex_spade_bored_becter,
          nicolae_tso_besieged_by_evil, amcnicky_altar_gilded,
          uniq_crazy_yiuf_cottage
D:7:      layout_loops_corners, nicolae_elyvilon_temple_path,
          nicolae_ru_awakened_eye, nicolae_overflow_quartered_altars,
          temple_pool_b, uniq_duvessa, uniq_joseph, uniq_pikel,
          uniq_prince_ribbit1
D:8:      layout_rooms, nicolae_qazlal_general_emergency, grunt_ministairs_2
D:9:      layout_cave_pools, mainiacjoe_overflow_concentric_impassable,
          nicolae_hepliaklqana_monster_ancestors, abandoned_shop,
          chequers_serial_rivers_micro_b, uniq_maggie
D:10:     layout_roguey, minmay_lizard_king, uniq_snorg, uniq_erica
D:11:     layout_roguey, david_lair_generic, minmay_misc_feat_iff,
          nicolae_shop_self_help, uniq_harold
Temple:   nicolae_temple_colour_theory

Skill      XL: |  1  2  3  4  5  6  7  8  9 10 11 |
---------------+----------------------------------+-----
Spellcasting   | 4 5 6 8 9 10 11 | 11.4
Conjurations   | 4 5 6 8 9 10 11 | 11.4
Hexes          | 4 5 6 8 9 10 11 | 11.4
Summonings     | 4 5 6 8 9 10 11 | 11.4
Necromancy     | 4 5 6 8 9 10 11 | 11.4
Translocations | 4 5 6 8 9 10 11 | 11.4
Transmutations | 4 5 6 8 9 10 11 | 11.4
Fire Magic     | 4 5 6 8 9 10 11 | 11.4
Ice Magic      | 4 5 6 8 9 10 11 | 11.4
Air Magic      | 4 5 6 8 9 10 11 | 11.4
Earth Magic    | 4 5 6 8 9 10 11 | 11.4
Poison Magic   | 4 5 6 8 9 10 11 | 11.4
Fighting       | 1 3 5 6 8 9 |  9.6
Shields        | 1 |  1.1
Dodging        | |  2.6
Stealth        | |  1.5

Action                     |  1- 3 |  4- 6 |  7- 9 | 10-12 || total
---------------------------+-------+-------+-------+-------++-------
  Melee: Unarmed           |     3 |       |    26 |       ||    29
   Cast: Magic Dart        |    65 |    72 |    64 |    67 ||   268
         Searing Ray       |     2 |    25 |    36 |    30 ||    93
         Spider Form       |       |       |     3 |       ||     3
         Fulminant Prism   |       |       |    29 |    61 ||    90
         Iskenderun's Myst |       |       |     1 |     4 ||     5
         Leda's Liquefacti |       |       |       |     4 ||     4
         Blink             |       |       |       |     2 ||     2
 Invoke: Curse Item        |       |       |       |     2 ||     2
    Use: Scroll            |     3 |       |     5 |     9 ||    17
         Potion            |       |       |     3 |     1 ||     4
 Armour: Robe              |     3 |     3 |    10 |     4 ||    20
         Skin              |       |       |     1 |       ||     1
         Steam dragon scal |       |       |       |     9 ||     9
  Dodge: Dodged            |    11 |    32 |    48 |    29 ||   120
         Repelled          |       |       |     1 |     3 ||     4

Table legend: (Time is in decaauts)
 A = Elapsed time spent in this place.
 B = Non-inter-level travel time spent in this place.
 C = Inter-level travel time spent in this place.
 D = Time resting spent in this place.
 E = Time spent auto-exploring this place.
 F = Levels seen in this place.
 G = Mean time per level.
                   A        B        C        D        E       F      G
               +--------+--------+--------+--------+--------+-----+--------+
         Total |  11261 |  10835 |    426 |   3570 |   4879 |  12 |  938.4 |
       Dungeon |  11147 |  10737 |    410 |   3570 |   4815 |  11 | 1013.4 |
        Temple |    113 |     97 |     16 |      0 |     64 |   1 |  113.0 |
               +--------+--------+--------+--------+--------+-----+--------+

Top non-repeatable levels by time:
     D:7: 2001 daAuts
     D:6: 1622 daAuts
     D:4: 1441 daAuts
     D:2: 1132 daAuts
    D:10: 1124 daAuts
     D:9: 1031 daAuts
     D:5: 776 daAuts
     D:8: 733 daAuts
     D:1: 671 daAuts
     D:3: 548 daAuts
  Temple: 113 daAuts
    D:11: 63 daAuts
